 Dungeon Crawl Stone Soup version 0.31-a0-1082-g7d1fb776a8 (webtiles) character file.

Game seed: 7156355606426010194

859 Flugslaktarn the Changeling (level 8, 0/51 HPs)
             Began as an Octopode Shapeshifter on Nov 28, 2023.
             Was an Initiate of Ashenzari.
             Slain by an ufetubus (4 damage)
             ... on level 6 of the Dungeon.
             The game lasted 00:03:07 (4839 turns).

Flugslaktarn the Changeling (Octopode Shapeshifter) Turns: 4839, Time: 00:03:08

Health: 0/51       AC:  2    Str: 12    XL:     8   Next: 2%
Magic:  8/8        EV: 15    Int: 11    God:    Ashenzari [......]
Gold:   337        SH:  0    Dex: 24    Spells: 7/7 levels left

rFire   . .          .
                       - Unarmed
rCold   . . .        (shield currently unavailable)
rNeg    . . .        (helmet restricted)
rPois   .            (no amulet)
rElec   .            k - ring of resist corrosion
rCorr   +            e - +6 ring of dexterity
SInv    .            m - ring of willpower
Will    +....        (no ring)
Stlth   +            (no ring)
HPRegen 0.28/turn    (no ring)
MPRegen 0.11/turn    (no ring)
                     (no ring)

%: no passive effects
@: flux-form, glowing, invisible (but backlit and visible)
A: glow, contaminating, almost no armour, amphibious, 8 rings, camouflage 1,
gelatinous body 1, (nimble swimmer 1), tentacles, agile 1, shaggy fur 1
a: Begin Untransformation, Renounce Religion, Curse Item


You were on level 6 of the Dungeon.
You worshipped Ashenzari.
Ashenzari was noncommittal.
You were something dangerously unstable.
You visited 2 branches of the dungeon, and saw 7 of its levels.
You also visited: Sewer.

You collected 337 gold pieces.

Inventory:

Armour
 j - an orb of wrath
   (You found it on level 2 of the Dungeon)
Jewellery
 e - a +6 ring of dexterity (right tentacle)
   (You found it on level 1 of the Dungeon)
 g - a ring of fire
   (You found it on level 4 of the Dungeon)
 k - a ring of resist corrosion (left tentacle)
   (You found it on level 1 of the Dungeon)
 m - a ring of willpower (on tentacle)
   (You found it on level 4 of the Dungeon)
Talismans
 b - a beast talisman
 c - a flux talisman (active)
 v - a maw talisman
   (You found it on level 5 of the Dungeon)
Wands
 d - a wand of iceblast (8)
   (You found it on level 4 of the Dungeon)
Scrolls
 i - a scroll of enchant armour
 p - a scroll of vulnerability {unknown}
 s - a scroll of fog
 t - 3 scrolls of teleportation
 x - a scroll of revelation {unknown}
 y - a scroll of poison {unknown}
 z - a scroll of blinking
 C - a scroll of fear {unknown}
 E - a scroll of torment {unknown}
Potions
 a - 2 potions of lignification
 f - a potion of curing {unknown}
 h - 4 potions of haste
 l - a potion of enlightenment {unknown}
 n - a potion of degeneration {unknown}
 o - 3 potions of mutation
 q - a potion of attraction {unknown}
 r - a potion of ambrosia {unknown}
 u - 2 potions of invisibility
 w - a potion of heal wounds
 A - 3 potions of resistance {unknown}
 B - 3 potions of cancellation
 D - a potion of magic {unknown}
 F - a potion of berserk rage {unknown}


   Skills:
 + Level 2.8 Fighting
 + Level 3.3 Dodging
 + Level 4.1 Unarmed Combat
 - Level 7.3 Shapeshifting


You had 7 spell levels left.
You didn't know any spells.
Your spell library was empty.

Dungeon Overview and Level Annotations

Branches:
Dungeon (6/15)             Temple (1/1) D:5           Sewer (visited)

Altars:
Ashenzari
Cheibriados
Dithmenos
Elyvilon
Fedhas
Gozag
Makhleb
Nemelex Xobeh
Okawaru
Ru
Sif Muna
Uskayaw
Wu Jian
Xom
Yredelemnul
Zin
The Shining One


Innate Abilities, Weirdness & Mutations

You are something dangerously unstable.
You glow with magical radiation, making you easy to see and hit.
Foes you strike become dangerously contaminated with magical radiation.
You are incapable of wielding weapons or throwing items.
You cannot wear most types of armour.
You are amphibious.
You can wear up to eight rings at the same time.
Your skin changes colour to match your surroundings (Stealth+).
Your rubbery body absorbs attacks. (AC +1, EV +1)
((You are camouflaged when in or above water. (Stealth+)))
You have tentacles for arms and can constrict up to eight enemies at once.
You are agile. (Dex +4, Str/Int -1)
You are covered in fur. (AC +1)


Message History

You tentacle-slap the scorpion.
The scorpion glows dangerously bright.
The scorpion is lightly wounded.
You constrict the scorpion. The scorpion stings you.
You tentacle-slap the scorpion.
The scorpion shudders as magic cascades through it!
The scorpion twists and deforms.
You squeeze the scorpion.
The scorpion is almost dead.
You constrict the scorpion.
The scorpion stings you but does no damage.
You tentacle-slap the scorpion but do no damage.
The scorpion begins to glow.
You squeeze the scorpion.
You kill the scorpion!
r - a dark potion No target in view!
You see here the +2 war axe of Baummifo {flame, rPois}.
You open the door.
A scorpion comes into view.
Found 3 stones.
A scorpion is nearby!
There is an open door here.
Something hits you.
Deactivating autopickup; reactivate with Ctrl-A.
You closely miss the scorpion. You grab the scorpion.
You constrict the scorpion. Something hits you. The scorpion stings you.
The scorpion barely misses you.
You tentacle-slap the scorpion.
The scorpion begins to glow.
The scorpion is moderately wounded.
You constrict the scorpion. Something hits you! The scorpion misses you.
You tentacle-slap the scorpion.
The scorpion glows dangerously bright.
The scorpion is heavily wounded.
You constrict the scorpion. Something hits you. The scorpion misses you.
You tentacle-slap the scorpion.
The scorpion shudders as magic cascades through it.
The scorpion twists and deforms.
The scorpion is almost dead.
You constrict the scorpion.
You kill the scorpion!
Something barely misses you.
Your Unarmed Combat skill increases to level 4!
You have reached level 8!
Something hits you. Something hits you!
Your transformation has ended.
You turn into a tree.
Your roots penetrate the ground.
Something hits you.
Unknown command.
It was a potion of cancellation.
Your magical effects are unravelling.
You feel magically purged.
You feel less wooden.
You turn into something dangerously unstable.
Something hits you!
* * * LOW HITPOINT WARNING * * *
Unknown command.
It was a potion of invisibility.
You become transparent, but the glow from your form prevents you from becoming completely invisible.
It was a potion of heal wounds.
You feel much better.
w - 2 potions of heal wounds;
n - an inky potion Something hits you!
* * * LOW HITPOINT WARNING * * *
You feel much better. Something hits you.
As you read the scroll of teleportation, it crumbles to dust.
You feel strangely unstable. Something hits you. Something hits you!
Unknown command.
Something hits you!
* * * LOW HITPOINT WARNING * * *
Something hits you.
* * * LOW HITPOINT WARNING * * *
Something hits you.
* * * LOW HITPOINT WARNING * * *
Something barely misses you.
There is an open door, spattered with blood here.
Your surroundings suddenly seem different.
An ufetubus comes into view.
The ufetubus shouts!
Unknown command.
An ufetubus comes into view.
The ufetubus shouts!
You tentacle-slap the ufetubus but do no damage.
The ufetubus begins to glow.
You grab the ufetubus. You constrict the ufetubus. The ufetubus slips past you!
The ufetubus closely misses you. x2
The ufetubus hits you.
* * * LOW HITPOINT WARNING * * *
The ufetubus hits you but does no damage.
You tentacle-slap the ufetubus.
The ufetubus glows dangerously bright.
The ufetubus is severely wounded.
You constrict the ufetubus. The ufetubus closely misses you.
The ufetubus barely misses you.
You tentacle-slap the ufetubus.
You kill the ufetubus!
The ufetubus hits you.
* * * LOW HITPOINT WARNING * * *
The ufetubus hits you.
* * * LOW HITPOINT WARNING * * *
You tentacle-slap the ufetubus but do no damage.
The ufetubus begins to glow.
You grab the ufetubus.
You constrict the ufetubus, but do no damage.
The ufetubus barely misses you. The ufetubus completely misses you.
The ufetubus hits you.
You die...

............# #. ###
#.######.##.# #. ...
#...# #.##.#####.
#.###.#.# #.#.:......
#.....#.####......>...
#.#................###
#............(........
#####.#########..^.###
#p# #.#### #5# #.# #.#
#. #.# #.# #.# #.#
###### #.# ......
######


You could see an ufetubus (contam).

Vanquished Creatures
  Sigmund (D:3)
  A centaur (D:5)
  A kobold brigand (Sewer)
  4 scorpions
  2 hounds
  2 sleepcaps
  5 adders
  5 river rats (Sewer)
  3 ufetubi
  A dart slug (D:4)
  2 orcs
  3 endoplasms
  6 giant cockroaches
  4 goblins
  10 hobgoblins
  21 kobolds
  3 quokkas
  16 ball pythons
  6 bats
  3 frilled lizards
  18 rats
117 creatures vanquished.

Notes
Turn   | Place    | Note
-------+----------+-------------------------------------------
     0 | D:1      | Flugslaktarn the Octopode Shapeshifter began the quest for
                  | the Orb.
     0 | D:1      | Reached XP level 1. HP: 13/13 MP: 1/1
   292 | D:1      | Reached XP level 2. HP: 7/18 MP: 2/2
   947 | D:2      | Reached skill level 4 in Shapeshifting
   947 | D:2      | Reached XP level 3. HP: 23/23 MP: 3/3
  1524 | D:3      | Reached XP level 4. HP: 28/28 MP: 4/4
  1558 | D:3      | Noticed Sigmund
  1566 | D:3      | Killed Sigmund
  1567 | D:3      | Reached skill level 6 in Shapeshifting
  1567 | D:3      | Reached XP level 5. HP: 25/33 MP: 5/5
  1635 | D:3      | Found a shimmering blue altar of Sif Muna.
  1786 | D:3      | Reached XP level 6. HP: 35/38 MP: 6/6
  2585 | D:4      | Found a hide-covered altar of Uskayaw.
  2846 | D:5      | Entered Level 5 of the Dungeon
  2907 | D:5      | Reached skill level 7 in Shapeshifting
  2956 | D:5      | Reached XP level 7. HP: 36/43 MP: 7/7
  3049 | D:5      | Found a staircase to the Ecumenical Temple.
  3056 | Temple   | Entered the Ecumenical Temple
  3065 | Temple   | Became a worshipper of Ashenzari the Shackled
  3156 | D:5      | Found a glowing drain.
  3172 | Sewer    | Entered a sewer
  4539 | D:6      | Gained mutation: One of your tentacles bears a spike.
                  | [potion of mutation]
  4539 | D:6      | Gained mutation: You are frail. (-10% HP) [potion of
                  | mutation]
  4539 | D:6      | Gained mutation: You are strong-willed. (Will+) [potion of
                  | mutation]
  4539 | D:6      | Gained mutation: You are covered in fur. (AC +1) [potion of
                  | mutation]
  4540 | D:6      | Lost mutation: You are strong-willed. (Will+) [potion of
                  | mutation]
  4540 | D:6      | Lost mutation: One of your tentacles bears a spike. [potion
                  | of mutation]
  4540 | D:6      | Lost mutation: You are frail. (-10% HP) [potion of
                  | mutation]
  4540 | D:6      | Gained mutation: You are agile. (Dex +4, Str/Int -1)
                  | [potion of mutation]
  4779 | D:6      | Found an iron altar of Okawaru.
  4804 | D:6      | Identified the +2 war axe of Baummifo {flame, rPois}
  4822 | D:6      | Reached XP level 8. HP: 32/51 MP: 8/8
  4839 | D:6      | Slain by an ufetubus

Illustrated notes

Levels and vault maps discovered:
D:1:      ebering_trefoil_twist, layout_loops_corners, skrybe_limestone_x
D:2:      layout_loops_ring
D:3:      layout_loops_ring, old_standard_altar, minmay_misc_feat_room,
          uniq_sigmund
D:4:      layout_loops_ring, nicolae_uskayaw_suspiria, mrwooster_statue_mirror
D:5:      layout_loops_ring, minmay_temple_entry_gardened_gates,
          portal_sewer_entry_f
D:6:      kennysheep_six_static_rooms, layout_loops_ring, okawaru_gym_becter
Temple:   compressed_dpeg_circular_temple

Skill      XL: |  1  2  3  4  5  6  7 |
---------------+----------------------+-----
Shapeshifting  | 4 6 7 |  7.3
Fighting       | 2 |  2.8
Dodging        | 3 |  3.3
Unarmed Combat | 4 |  4.1

Action                     |  1- 3 |  4- 6 |  7- 9 || total
---------------------------+-------+-------+-------++-------
  Melee: Unarmed           |    50 |    53 |   120 ||   223
         Constrict         |    15 |    10 |    47 ||    72
         Tentacles         |     9 |     9 |    34 ||    52
         Punch             |     2 |     2 |       ||     4
    Use: Scroll            |       |     5 |     2 ||     7
         Potion            |       |       |     7 ||     7
   Stab: Sleeping          |    10 |     3 |     1 ||    14
         Distracted        |       |     1 |       ||     1
 Armour: Skin              |    15 |    19 |    75 ||   109
  Dodge: Dodged            |    23 |    30 |    99 ||   152
   Form: Flux              |       |       |     1 ||     1

Table legend: (Time is in decaauts)
 A = Elapsed time spent in this place.
 B = Non-inter-level travel time spent in this place.
 C = Inter-level travel time spent in this place.
 D = Time resting spent in this place.
 E = Time spent auto-exploring this place.
 F = Levels seen in this place.
 G = Mean time per level.
                   A        B        C        D        E       F      G
               +--------+--------+--------+--------+--------+-----+--------+
         Total |   4862 |   4665 |    197 |    319 |   3558 |   8 |  607.8 |
       Dungeon |   4051 |   3854 |    197 |    138 |   3133 |   6 |  675.2 |
        Temple |     18 |     18 |      0 |      0 |      0 |   1 |   18.0 |
         Sewer |    792 |    792 |      0 |    181 |    425 |   1 |  792.0 |
               +--------+--------+--------+--------+--------+-----+--------+

Top non-repeatable levels by time:
     D:1: 937 daAuts
   Sewer: 792 daAuts
     D:5: 784 daAuts
     D:3: 697 daAuts
     D:4: 636 daAuts
     D:2: 606 daAuts
     D:6: 388 daAuts
  Temple: 18 daAuts
